 Dungeon Crawl Stone Soup version 0.25-a0-356-g7c9d860 (webtiles) character file.

Game seed: 9619435008408984219, levelgen mode: deterministic

39 CanOfBees the Caller (level 3, 0/20 HPs)
             Began as a Deep Elf Summoner on Jan 3, 2020.
             Succumbed to an adder's poison
             ... on level 4 of the Dungeon.
             The game lasted 00:03:17 (2808 turns).

CanOfBees the Caller (Deep Elf Summoner)            Turns: 2808, Time: 00:03:18

Health: 0/20       AC:  2    Str:  8 (10) XL:     3   Next: 28%
Magic:  7/10       EV: 13    Int: 19 (20) God:
Gold:   113        SH:  0    Dex: 13 (15) Spells: 4/10 levels left

rFire    + . .     SeeInvis .   e - +0 dagger
rCold    . . .     Gourm    .   (no shield)
rNeg     . . .     Faith    .   a - +0 robe
rPois    .         Spirit   .   (no helmet)
rElec    .         Reflect  .   (no cloak)
rCorr    .         Harm     .   (no gloves)
MR       .....                  (no boots)
Stlth    ++........             (no amulet)
HPRegen  0.06/turn              f - ring of protection from fire
MPRegen  0.12/turn              (no ring)

@: mighty, lethally poisoned (0 -> -10), flying
A: no striking features
a: no special abilities


You were on level 4 of the Dungeon.
You were hungry.

You visited 1 branch of the dungeon, and saw 3 of its levels.

You collected 113 gold pieces.

Inventory:

Hand Weapons
 e - a +0 dagger (weapon)
Missiles
 d - 99 stones (quivered)
Armour
 a - a +0 robe (worn)
Jewellery
 f - a ring of protection from fire (left hand)
Scrolls
 b - 3 scrolls of remove curse {unknown}
 g - 2 scrolls of identify {unknown}
 h - 2 scrolls of teleportation {unknown}
Comestibles
 c - 2 rations


   Skills:
 + Level 0.8 Fighting
 + Level 3.0 Dodging
 - Level 2.4 Stealth
 * Level 4.0 Spellcasting
 + Level 4.6 Summonings


You had 4 spell levels left.
You knew the following spells:

 Your Spells              Type           Power        Failure   Level  Hunger
a - Summon Small Mammal   Summ           ###.         1%          1    None
b - Call Imp              Summ           ###.....     3%          2    ##.....
c - Call Canine Familiar  Summ           ###.....     6%          3    ###....

Your spell library contained the following spells:

 Spells                   Type           Power        Failure   Level  Hunger
 Summon Guardian Golem    Hex/Summ       ##......     16%         3    ###....
 Summon Ice Beast         Ice/Summ       ##......     45%         4    ####...
 Summon Lightning Spire   Summ/Air       ##......     45%         4    ####...


Dungeon Overview and Level Annotations

Branches:
Dungeon (2/15)

Altars:
Dithmenos

Annotations:
D:2 Sigmund


Message History

You fly up into the air.
* * * LOW HITPOINT WARNING * * *
You feel sick.
Your hound completely misses the adder.
The adder closely misses you.
Your hound closely misses the adder.
Your white imp hits the adder.
Your white imp freezes the adder.
The adder seems to slow down.
It was a potion of degeneration.
There was something very wrong with that liquid.
You feel weakened.
You feel dopey.
You feel clumsy.
* * * LOW HITPOINT WARNING * * *
You feel sick.
Your hound closely misses the adder.
The adder barely misses your white imp.
Your white imp gestures at the adder.
The puff of frost hits the adder!
The adder dies!
Your Dodging skill increases to level 3!
Your Spellcasting skill increases to level 4!
It was a potion of might.
You feel very mighty all of a sudden.
You die...

#..<.......
#..........
#####..........
#........S....#
#..............
#.......###....
##.......5# ...
#......h.# .
#####...@#
#....# ##.###
...# .....
#.....# #.....
....


You could see a friendly hound and a friendly white imp.

Vanquished Creatures
  An adder (D:2)
  A bat (D:2)
  A hobgoblin (D:2)
  A kobold (D:1)
  2 frilled lizards (D:2)
  4 goblins
  3 rats
13 creatures vanquished.

Vanquished Creatures (collateral kills)
  2 adders
  A worm (D:2)
  4 hobgoblins
  2 kobolds (D:1)
  3 bats
  2 frilled lizards
  2 rats (D:1)
16 creatures vanquished.

Grand Total: 29 creatures vanquished

Notes
Turn   | Place    | Note
-------+----------+-------------------------------------------
     0 | D:1      | CanOfBees the Deep Elf Summoner began the quest for the
                  | Orb.
     0 | D:1      | Reached XP level 1. HP: 10/10 MP: 6/6
   573 | D:1      | You fall into a shaft and drop 1 floor!
  1007 | D:1      | Reached XP level 2. HP: 9/16 MP: 8/8
  1014 | D:1      | Learned a level 2 spell: Call Imp
  2209 | D:2      | Reached XP level 3. HP: 13/20 MP: 2/10
  2315 | D:2      | Learned a level 3 spell: Call Canine Familiar
  2447 | D:2      | Noticed Sigmund
  2779 | D:2      | Found a shadowy altar of Dithmenos.
  2782 | D:2      | You fall into a shaft and drop 2 floors!
  2806 | D:4      | HP: 1/20 [poisoned by an adder]
  2808 | D:4      | Succumbed to an adder's poison

Levels and vault maps discovered:
D:1:      dpeg_arrival_court, layout_basic, kennysheep_decorative_pillar
D:2:      layout_loops_ring, nicolae_dithmenos_shadow_blocks, uniq_sigmund
D:4:      layout_basic, nicolae_ru_sacrificial_ziggurat, serial_shops,
          shop_statue, serial_undead, serial_undead_b, serial_undead_a,
          serial_undead_b, serial_undead_a, serial_undead_a, minmay_hedge_maze

Skill      XL: |  1  2  3 |
---------------+----------+-----
Dodging        | 3 |  3.0
Spellcasting   | 4 |  4.0
Fighting       | |  0.8
Stealth        | |  2.4
Summonings     | |  4.6

Action                   || total
-------------------------++-------
Melee: Dagger            ||    83
       Unarmed           ||     7
Throw: Stone             ||    14
 Cast: Summon Small Mamm ||    13
       Call Imp          ||    19
       Call Canine Famil ||     3
  Use: Potion            ||     5
  Eat: Chunk             ||     6
Armor: Robe              ||    28
       Skin              ||     5
Dodge: Dodged            ||    90

Table legend:
 A = Non-vault XP
 B = Vault XP
 C = Vault XP percentage of total XP
 D = Non-vault monster count
 E = Vault monster count
 F = Vault count percentage of total count
                 A         B        C        D         E       F
            +---------+---------+-------+---------+---------+-------
      Total |      57 |       0 |   0.0 |      29 |       0 |   0.0
            +---------+---------+-------+---------+---------+-------
        D:1 |      16 |       0 |   0.0 |      14 |       0 |   0.0
        D:2 |      33 |       0 |   0.0 |      14 |       0 |   0.0
        D:4 |       8 |       0 |   0.0 |       1 |       0 |   0.0
            +---------+---------+-------+---------+---------+-------
